 Dungeon Crawl Stone Soup version 0.14-a0-2019-gd9bc7f0 (webtiles) character file.

127 Kae the Sneak (level 3, -1/16 HPs)
             Began as a Spriggan Enchanter on Jan 19, 2014.
             Slain by a gnoll
             ... wielding a +0,+0 whip
              (6 damage)
             ... on Level 2 of the Dungeon.
             The game lasted 00:01:49 (1272 turns).

Kae the Sneak (Spriggan Enchanter)                  Turns: 1272, Time: 00:01:50

HP  -1/16        AC  3     Str  5      XL: 3   Next: 53%
MP   6/9         EV 18     Int 16      God:
Gold 78          SH  0     Dex 16      Spells:  2 memorised,  4 levels left

rFire  . . .     SeeInvis +     a - +1 dagger
rCold  . . .     Clarity  .     b - +1 robe
rNeg   . . .     Conserve .     (shield restricted)
rPois  .         rCorr    .     (helmet restricted)
rElec  .         rRot     .     (no cloak)
SustAb . .       Spirit   .     (gloves unavailable)
rMut   .         Warding  .     (boots unavailable)
Saprov . . .     Stasis   .     (no amulet)
MR     .....                    (no ring)
                                (no ring)

@: very quick, not resistant to hostile enchantments, quite stealthy
A: unfitting armour, see invisible, herbivore 3, speed 3, slow metabolism 2
a: no special abilities


You were on level 2 of the Dungeon.
You were not hungry.

You visited 1 branch of the dungeon, and saw 2 of its levels.

You collected 78 gold pieces.

Inventory:

Hand weapons
 a - a +1,+1 dagger (weapon)
Missiles
 d - 12 darts (quivered)
Armour
 b - a +1 robe (worn)
Comestibles
 g - a choko
Scrolls
 f - 3 scrolls of remove curse {unknown}
 k - 2 scrolls of identify {unknown}
 m - a scroll of immolation {unknown}
Jewellery
 i - an uncursed ring of poison resistance {unknown}
Potions
 e - a potion of porridge
 h - a potion of speed {unknown}
 j - a potion of curing {unknown}
 l - a potion of agility {unknown}
Books
 c - a book of Maledictions

   Spells                             Type                      Level
   *Corona                            Hexes                        1
   Sure Blade                         Hexes/Charms                 2
   *Ensorcelled Hibernation           Hexes/Ice                    2
   Confuse                            Hexes                        3
   Enslavement                        Hexes                        4
   Invisibility                       Hexes                        6


   Skills:
 * Level 2.6 Short Blades
 - Level 1.1 Throwing
 - Level 3.0 Dodging
 * Level 4.1 Stealth
 + Level 2.9 Spellcasting
 + Level 4.0 Hexes


You had 4 spell levels left.
You knew the following spells:

 Your Spells              Type           Power        Failure   Level  Hunger
a - Corona                Hex            ###....      4%          1    #......
b - Ensorcelled Hibernat  Hex/Ice        #.....       14%         2    ##.....


Dungeon Overview and Level Annotations

Branches:
Dungeon (2/16)

Altars:


Innate Abilities, Weirdness & Mutations

You are tiny and cannot use many weapons and most armour.
You have supernaturally acute eyesight.
You are a herbivore.
You cover ground extremely quickly.
You need consume almost no food.


Message History

The gnoll barely misses you.
You hit the gnoll.
The gnoll is heavily wounded.
The gnoll closely misses you.
You hit the gnoll but do no damage.
The gnoll is heavily wounded.
The gnoll completely misses you.
Casting: Ensorcelled Hibernation
Confirm with . or Enter, or press ? or * to list all spells.
Aiming: Corona
Press: ? - help, Shift-Dir - straight line, f/p - gnoll
Aim: a gnoll, wielding a whip (moderately wounded)
The gnoll is outlined in light.
You barely miss the gnoll.
The gnoll is moderately wounded.
The gnoll hits you with a whip!
You hit the gnoll.
The gnoll is heavily wounded.
The gnoll hits you with a whip.
You die...

[....#. . $....... #..
#........ #..
#.......# # . #..
......##.##...####..
#.gg.............# #b#
#.....### #g#
#.......# #
#@########>.......
#.#..........###....
#....####...........
###+##.# #...........
#....).# ####....#...
#......######.....#...
#..(........'.....#...
#.........###.....#...
#.........# #.....####


You could see 3 gnolls and a bat.

Vanquished Creatures
  A gnoll (D:2)
  A giant gecko (D:1)
  A ball python (D:1)
  2 giant cockroaches (D:1)
  2 goblins (D:1)
  8 hobgoblins
  4 jackals (D:1)
  2 quokkas (D:2)
  3 bats
  3 giant newts
  3 kobolds
  6 rats (D:1)
36 creatures vanquished.

Notes
Turn   | Place    | Note
--------------------------------------------------------------
     0 | D:1      | Kae, the Spriggan Enchanter, began the quest for the Orb.
     0 | D:1      | Reached XP level 1. HP: 9/9 MP: 4/4
    72 | D:1      | Reached XP level 2. HP: 10/13 MP: 7/7
   102 | D:1      | Learned a level 2 spell: Ensorcelled Hibernation
   522 | D:1      | Reached XP level 3. HP: 14/16 MP: 9/9
   743 | D:2      | Reached skill level 4 in Hexes
  1272 | D:2      | Slain by a gnoll

Action                   || total
-------------------------++-------
Melee: Dagger            ||   115
 Cast: Ensorcelled Hiber ||    21
       Corona            ||     1
 Stab: Sleeping          ||    22
